Selects Luftwaffe Battlegroup
Selects Luftwaffe Pioneer Support
Construct Infanterie Kompanie
Infanterie Officer Quarters
Selects LG40 Recoilless Gun Paradrop
LG40 Recoilless Gun Paradrop
Selects Stuka Strafing Run
Construct Panzergrenadier Kompanie
LG40 Recoilless Gun Paradrop
Panzergrenadier Officer Quarters
LG40 Recoilless Gun Paradrop
LG40 Recoilless Gun Paradrop
Construct Panzer Kompanie
Selects Fallschirmjäger Squad Paradrop
Selects Infantry Reserves
LG40 Recoilless Gun Paradrop